 Dungeon Crawl Stone Soup version 0.28.0-62-gf88900778d (webtiles) character file.

Game seed: 13516908352632362965

31131 cbfl8 the Severer (level 13, -9/102 HPs)
             Began as a Minotaur Fighter on Mar 12, 2024.
             Was a High Priest of Hepliaklqana.
             Shot with an arrow by a deep elf archer (14 damage)
             ... on level 13 of the Dungeon.
             The game lasted 00:29:11 (17878 turns).

cbfl8 the Severer (Minotaur Fighter)               Turns: 17878, Time: 00:29:11

Health: -9/102     AC: 23    Str: 23    XL:     13   Next: 24%
Magic:  0/3        EV: 11    Int: 11    God:    Hepliaklqana [*****.]
Gold:   786        SH: 10    Dex: 17    Spells: 12/12 levels left

rFire   . . .      SeeInvis .   j - +4 broad axe (elec)
rCold   . . .      Faith    .   c - +3 buckler
rNeg    . . .      Spirit   +   C - +2 plate armour of the Peculiar Priests {Rampage rElec}
rPois   .          Reflect  .   (helmet restricted)
rElec   +          Harm     .   o - scarf {+Inv}
rCorr   +          Rampage  +   E - +1 pair of gloves {infuse}
Will    +....                   s - +0 pair of boots
Stlth   ..........              t - amulet of guardian spirit
HPRegen 0.27/turn               e - ring of the Louse {rCorr EV+4 Int+2 Dex+2}
MPRegen 0.08/turn               A - ring "Diahime" {Will+ rCorr MP-9 Int+2}

@: slowed, studying Polearms, very slow
A: reduced essence, horns 2, retaliatory headbutt, iridescent scales 1, agile 1,
clever 1
a: Renounce Religion, Evoke Invisibility, Recall Ancestor, Ancestor Identity,
Transference, Idealise


You were on level 13 of the Dungeon.
You worshipped Hepliaklqana.
Hepliaklqana was extremely pleased with you.
You visited 1 branch of the dungeon, and saw 14 of its levels.
You also visited: Gauntlet.

You collected 786 gold pieces.

Inventory:

Hand Weapons
 j - a +4 broad axe of electrocution (weapon)
Missiles
 k - a throwing net
Armour
 c - a +3 buckler (worn)
 o - a scarf of invisibility (worn)
 s - a +0 pair of boots (worn)
 C - the +2 plate armour of the Peculiar Priests (worn) {Rampage rElec}
   (You took it off a minotaur in a Gauntlet)

   rElec:     It insulates you from electricity.
   Rampage:   It bestows one free step when moving towards enemies.
 E - a +1 pair of gloves of infusion (worn)
Jewellery
 e - the ring of the Louse (left hand) {rCorr EV+4 Int+2 Dex+2}
   (You acquired it on level 4 of the Dungeon)

   [ring of evasion]

   EV:        It affects your evasion (+4).
   Int:       It affects your intelligence (+2).
   Dex:       It affects your dexterity (+2).
   rCorr:     It protects you from acid and corrosion.
 t - an amulet of guardian spirit (around neck)
 A - the ring "Diahime" (right hand) {Will+ rCorr MP-9 Int+2}
   (You found it on level 6 of the Dungeon)

   [ring of resist corrosion]

   Int:       It affects your intelligence (+2).
   MP:        It affects your magic capacity (-9).
   rCorr:     It protects you from acid and corrosion.
   Will:      It increases your willpower.
Wands
 x - a wand of flame (9)
 H - a wand of digging (14)
Scrolls
 b - a scroll of holy word {unknown}
 d - a scroll of vulnerability {unknown}
 g - 5 scrolls of immolation
 m - a scroll of summoning {unknown}
 n - a scroll of magic mapping {unknown}
 p - a scroll of fog
 v - 3 scrolls of silence
 w - 4 scrolls of blinking {unknown}
 B - 2 scrolls of noise {unknown}
 F - a scroll of torment {unknown}
Potions
 a - a potion of ambrosia {unknown}
 f - a potion of lignification {unknown}
 i - a potion of flight
 l - a potion of resistance
 q - a potion of heal wounds {unknown}
 u - a potion of curing
 z - a potion of invisibility {unknown}
 G - 2 potions of brilliance {unknown}
 L - a potion of haste
Miscellaneous
 h - a phantom mirror (inert)
 r - a box of beasts
 N - a condenser vane (inert) (quivered)


   Skills:
 + Level 10.5 Fighting
 + Level 16.2 Axes
 + Level 12.5 Armour
 + Level 10.2 Shields
 * Level 9.7 Evocations


You had 12 spell levels left.
You didn't know any spells.
Your spell library contained the following spells:

 Spells                   Type           Power      Damage    Failure   Level
 Magic Dart               Conj           0%         1d3       99%         1
 Call Imp                 Summ           0%         N/A       100%        2
 Corpse Rot               Necr/Air       0%         N/A       100%        2
 Ensorcelled Hibernation  Hex/Ice        0%         N/A       100%        2
 Poisonous Vapours        Pois/Air       0%         N/A       100%        2
 Sublimation of Blood     Necr           0%         N/A       100%        2
 Mephitic Cloud           Conj/Pois/Air  0%         N/A       100%        3
 Spider Form              Tmut/Pois      0%         N/A       100%        3
 Anguish                  Hex/Necr       0%         N/A       100%        4
 Petrify                  Tmut/Erth      0%         N/A       100%        4
 Alistair's Intoxication  Tmut/Pois      0%         N/A       100%        5
 Borgnjor's Vile Clutch   Necr/Erth      0%         N/A       100%        5
 Fireball                 Conj/Fire      0%         3d3       100%        5
 Irradiate                Conj/Tmut      0%         3d13      100%        5
 Eringya's Noxious Bog    Tmut/Pois      0%         N/A       100%        6
 Starburst                Conj/Fire      0%         6d3       100%        6
 Ignition                 Fire           0%         3d3       100%        8


Dungeon Overview and Level Annotations

Branches:
Dungeon (14/15)            Temple (0/1) D:5            Lair (0/6) D:10
    Orc (0/2) D:12        Gauntlet (visited)
 Vaults: D:13-14

Altars:
Ashenzari
Cheibriados
Fedhas
Hepliaklqana
Kikubaaqudgha
Nemelex Xobeh
Qazlal
Ru
Uskayaw
Vehumet
Xom
Zin
The Shining One

Shops:
D:1 (


Innate Abilities, Weirdness & Mutations

Your life essence is reduced to manifest your ancestor. (-10% HP)
You have a pair of horns on your head.
You reflexively headbutt those who attack you in melee.
You are partially covered in iridescent scales. (AC +2)
You are agile. (Dex +2)
Your mind is acute. (Int +2)


Message History

The deep elf archer shoots an arrow.
The arrow hits you!!
You are too injured to fight recklessly!
Okay, then.
Aiming: Phantom Mirror
Press: ? - help, Q - select action, (/) - cycle Dir - move target, f - deep elf archer
Aim: a deep elf archer, wielding a +0 longbow, wearing a +0 leather armour and quivering arrows (repelling missiles)
You reflect the deep elf archer with the mirror!
The mirror clouds!
The deep elf archer shoots an arrow.
The arrow completely misses your deep elf archer.
The arrow hits you but does no damage.
Your deep elf archer unwields a +0 longbow.
Your deep elf archer wields a +0 short sword.
Your deep elf archer hits the deep elf archer with a +0 short sword!
The deep elf archer shoots an arrow.
The arrow completely misses your deep elf archer.
You block the arrow.
Your deep elf archer barely misses the deep elf archer.
The deep elf archer shoots an arrow.
The arrow is repelled.
The arrow hits you!!
* * * LOW HITPOINT WARNING * * *
Your deep elf archer completely misses the deep elf archer.
Okay, then.
Non-targeted evoke: condenser vane
Press: ? - help, Q - select action, (/) - cycle Dir - look around, f - activate Clouds of flame condense around you!
The condenser dries out!
The centaur is engulfed in blazing flames.
The deep elf archer is engulfed in blazing flames.
The deep elf archer shoots an arrow.
The arrow barely misses your deep elf archer.
The arrow hits you.
* * * LOW HITPOINT WARNING * * *
The deep elf archer is engulfed in blazing flames.
The deep elf archer shoots an arrow.
You block the arrow.
Your deep elf archer hits the deep elf archer with a +0 short sword!
The orc sorcerer is engulfed in blazing flames.
The centaur is engulfed in blazing flames.
The deep elf archer is engulfed in blazing flames.
The deep elf archer shoots an arrow.
The arrow hits you!
You die...

...#...## #......# #.# #
........# #.#[##.# #.# #
≈.....#.# #.#..#.###.###########
...####.# #.##.#.#.e............
........# #.##...#.#........####
....###.# #......#.#........#
....#####.######..#.#........#
#'#.......# #..#e#........#
#.##############@.§§#..........
#........§ocee......#.######.###
#################......... ...
####### #.........#(##########
#.....# #.......).............
#.....#####......##...###...####
).................##..# ...#
#.......###.......##..# ...#
#.....#.# #.......##..# ...#


You could see 2 deep elf archers, an orc sorcerer, a centaur and a friendly deep
elf archer (summoned, repels missiles, drained).

Vanquished Creatures
  A bunyip (D:14)
  A minotaur (Gauntlet)
  2 boulder beetles
  A vault guard (D:13)
  2 two-headed ogres
  3 centaur warriors
  A tengu warrior (D:13)
  2 death knights (D:13)
  Urug (D:10)
  Nergalle (D:11)
  A skeletal warrior (D:13)
  2 glowing orange brains (D:12)
  2 deep elf pyromancers
  3 cyclopes
  2 ugly things (D:14)
  An ice statue (D:13)
  An eye of devastation (D:12)
  A freezing wraith (D:13)
  A kobold demonologist (D:13)
  2 rime drakes (Gauntlet)
  A troll (D:12)
  A raiju (Gauntlet)
  2 slime creatures (D:12)
  A vampire (D:8)
  A spriggan (shapeshifter) (D:13)
  10 yaks
  A shadow (D:11)
  3 wraiths (D:13)
  A steam dragon (D:8)
  A basilisk (D:10)
  4 vampire mosquitoes (D:12)
  4 acid dragons
  A water moccasin (D:6)
  A floating eye (D:14)
  2 orc warriors
  2 sky beasts
  A black bear (D:10)
  An ice beast (D:6)
  An ogre (D:7)
  2 necrophages (D:5)
  A phantom (D:4)
  8 centaurs
  A kobold brigand (D:7)
  A gnoll sergeant (D:10)
  4 bullfrogs
  A wyvern zombie (D:9)
  2 water moccasin skeletons
  10 killer bees
  3 howler monkeys
  2 centaur zombies
  A bullfrog zombie (D:5)
  A jelly (D:4)
  A bullfrog skeleton (D:7)
  2 orc priests
  A hound (D:4)
  2 iguanas
  Jessica (D:3)
  7 orc wizards
  A lightning spire (Gauntlet)
  A scorpion zombie (D:5)
  A hound zombie (D:5)
  A howler monkey zombie (D:10)
  Robin (D:2)
  4 adders
  6 gnolls
  An ufetubus (D:4)
  2 adder skeletons
  2 worms (D:3)
  A dart slug (D:5)
  20 orcs
  7 endoplasms
  3 giant cockroaches
  14 goblins
  6 hobgoblins
  10 jackals
  6 quokkas
  6 ball pythons
  9 bats
  2 frilled lizards
  13 kobolds
  5 rats
243 creatures vanquished.

Vanquished Creatures (collateral kills)
  Josephine (D:13)
  A boulder beetle (D:12)
  A hydra (D:13)
  2 tengu warriors (D:13)
  A skeletal warrior (D:13)
  A phantasmal warrior (D:13)
  2 ugly things (D:14)
  2 cyclopes
  A slime creature (D:12)
  A wraith (D:13)
  A shadow (D:13)
  A wyvern (D:10)
  2 yaks (D:9)
  A vampire (D:13)
  A steam dragon (D:8)
  Edmund (D:6)
  An ice beast (D:8)
  An orc warrior (D:12)
  A necrophage (D:6)
  4 centaurs
  A kobold brigand (D:8)
  7 killer bees
  A howler monkey (D:7)
  2 hounds (D:6)
  A jelly (D:6)
  An orc wizard (D:5)
  A killer bee zombie (D:6)
  An adder (D:6)
  2 gnolls (D:10)
  3 orcs
  A kobold (D:8)
48 creatures vanquished.

Vanquished Creatures (others)
  A shadow (D:11)
  An orc wizard (D:11)
  11 battlemagi
  A kobold (D:8)
  3 fungi (D:5)
  6 plants
  A withered plant (Gauntlet)
24 creatures vanquished.

Grand Total: 315 creatures vanquished

Notes
Turn   | Place    | Note
-------+----------+-------------------------------------------
     0 | D:1      | cbfl8 the Minotaur Fighter began the quest for the Orb.
     0 | D:1      | Reached XP level 1. HP: 19/19 MP: 0/0
   212 | D:1      | Reached XP level 2. HP: 27/27 MP: 1/1
   375 | D:1      | Found a faded altar of an unknown god.
   466 | D:1      | Found Fupnann's Weapon Shoppe.
   995 | D:2      | Reached skill level 3 in Axes
  1138 | D:2      | Reached XP level 3. HP: 31/33 MP: 2/2
  1148 | D:2      | Noticed Robin
  1152 | D:2      | Killed Robin
  1153 | D:2      | Reached skill level 1 in Evocations
  1216 | D:2      | Found Lieloz's Assorted Antiques.
  1349 | D:2      | Reached XP level 4. HP: 35/40 MP: 3/3
  1571 | D:2      | Reached skill level 4 in Axes
  2312 | D:3      | Reached XP level 5. HP: 46/46 MP: 4/4
  2946 | D:3      | Noticed Jessica
  2949 | D:3      | Killed Jessica
  2984 | D:3      | Reached skill level 5 in Axes
  3130 | D:4      | Reached XP level 6. HP: 45/53 MP: 5/5
  3248 | D:4      | Found a hazy altar of Hepliaklqana.
  3267 | D:4      | Became a worshipper of Hepliaklqana the Forgotten
  3291 | D:4      | Identified a scroll of acquirement
  3295 | D:4      | Acquired the ring of the Louse {rCorr EV+4 Int+2 Dex+2}
  3358 | D:4      | Reached skill level 6 in Axes
  3358 | D:4      | Reached skill level 5 in Armour
  3653 | D:4      | Reached XP level 7. HP: 60/60 MP: 6/6
  3912 | D:5      | Entered Level 5 of the Dungeon
  4168 | D:5      | Reached * piety under Hepliaklqana
  4178 | D:5      | Reached skill level 5 in Fighting
  4201 | D:5      | Reached skill level 7 in Axes
  4373 | D:5      | Found a staircase to the Ecumenical Temple.
  4626 | D:5      | Found a stormy altar of Qazlal.
  4758 | D:6      | Reached XP level 8. HP: 62/62 MP: 7/7
  4768 | D:6      | Reached ** piety under Hepliaklqana
  4769 | D:6      | Remembered your ancestor Æðelind as a battlemage
  4799 | D:6      | Found a snail-covered altar of Cheibriados.
  4819 | D:6      | Noticed Edmund
  4825 | D:6      | Reached skill level 8 in Axes
  4826 | D:6      | Killed Edmund
  4973 | D:6      | Identified the ring "Diahime" {Will+ rCorr MP-9 Int+2}
  5407 | D:7      | Found a glowing golden altar of the Shining One.
  5498 | D:7      | Reached skill level 5 in Shields
  5607 | D:7      | Reached skill level 9 in Axes
  5625 | D:7      | Found a shimmering altar of Xom.
  5701 | D:7      | Reached XP level 9. HP: 37/67 MP: 0/8
  5928 | D:7      | Found a hide-covered altar of Uskayaw.
  6003 | D:8      | Found an ancient bone altar of Kikubaaqudgha.
  6388 | D:8      | Found a radiant altar of Vehumet.
  6411 | D:8      | Found a blossoming altar of Fedhas.
  6411 | D:8      | Found a sparkling altar of Nemelex Xobeh.
  6496 | D:8      | Reached skill level 10 in Axes
  6496 | D:8      | Reached skill level 5 in Evocations
  6731 | D:8      | Found a glowing silver altar of Zin.
  6925 | D:8      | Found a broken altar of Ashenzari.
  6928 | D:8      | Reached *** piety under Hepliaklqana
  6956 | D:8      | Gained mutation: You are partially covered in iridescent
                  | scales. (AC +2) [potion of mutation]
  6956 | D:8      | Gained mutation: You have an increased reservoir of magic.
                  | (+10% MP) [potion of mutation]
  6956 | D:8      | Gained mutation: You tend to lose your temper in combat.
                  | [potion of mutation]
  7228 | D:9      | Noticed a cyclops
  7240 | D:9      | Killed a cyclops
  7241 | D:9      | Reached skill level 11 in Axes
  7241 | D:9      | Reached XP level 10. HP: 69/77 MP: 1/10
  7417 | D:9      | Noticed a two-headed ogre
  7425 | D:9      | Killed a two-headed ogre
  8040 | D:10     | Entered Level 10 of the Dungeon
  8045 | D:10     | Found a sacrificial altar of Ru.
  8544 | D:10     | Found a staircase to the Lair.
  8551 | D:10     | Reached skill level 12 in Axes
  9283 | D:10     | Noticed Urug
  9682 | D:10     | Killed Urug
  9683 | D:10     | Reached XP level 11. HP: 39/84 MP: 2/11
 10000 | D:10     | Reached **** piety under Hepliaklqana
 10323 | D:10     | Lost mutation: You tend to lose your temper in combat.
                  | [potion of mutation]
 10323 | D:10     | Lost mutation: You have an increased reservoir of magic.
                  | (+10% MP) [potion of mutation]
 10323 | D:10     | Gained mutation: You have sharp toenails. [potion of
                  | mutation]
 10323 | D:10     | Lost mutation: You have sharp toenails. [potion of
                  | mutation]
 10323 | D:10     | Gained mutation: You are agile. (Dex +2) [potion of
                  | mutation]
 10323 | D:10     | Gained mutation: Your mind is acute. (Int +2) [potion of
                  | mutation]
 10501 | D:11     | Noticed Nergalle
 10522 | D:11     | Killed Nergalle
 10533 | D:11     | Reached skill level 13 in Axes
 10705 | D:11     | Noticed a deep elf pyromancer
 10712 | D:11     | Killed a deep elf pyromancer
 10743 | D:11     | You fall into a shaft and drop 1 floor!
 10747 | D:12     | Noticed a deep elf pyromancer
 10761 | D:12     | Reached skill level 10 in Armour
 10771 | D:12     | Killed a deep elf pyromancer
 10790 | D:12     | Noticed a four-headed hydra
 10793 | D:12     | a four-headed hydra changed into an acid dragon
 10827 | D:12     | Noticed a two-headed ogre
 10850 | D:11     | Acquired a +2 broad axe of electrocution
 10869 | D:12     | Killed a two-headed ogre
 10869 | D:12     | Noticed a boulder beetle
 10963 | D:12     | Killed a boulder beetle
 11007 | D:12     | Found a gate leading to a gauntlet.
 11010 | D:12     | Found a staircase to the Orcish Mines.
 11017 | Gauntlet | Entered a Gauntlet
 11017 | Gauntlet | Noticed a tengu warrior
 11017 | Gauntlet | Noticed an oklob plant
 11017 | Gauntlet | Found a transporter.
 11017 | Gauntlet | Found a transporter.
 11017 | Gauntlet | Found a runed translucent door.
 11443 | Gauntlet | Found a transporter.
 11444 | Gauntlet | Acquired the +3 hat of Liophih {Will++ rCorr Str+3 Slay-3}
 11449 | Gauntlet | Found a transporter.
 11458 | Gauntlet | Found a transporter.
 11461 | Gauntlet | Found a transporter.
 11469 | Gauntlet | Found a transporter.
 11485 | Gauntlet | Found a transporter.
 11499 | Gauntlet | Found a transporter.
 11503 | Gauntlet | Found a transporter.
 11514 | Gauntlet | Found a transporter.
 11515 | Gauntlet | Found a transporter.
 11519 | Gauntlet | Found a runed translucent door.
 12828 | Gauntlet | Identified the +2 plate armour of the Peculiar Priests
                  | {Rampage rElec}
 12828 | Gauntlet | Noticed a minotaur
 12837 | Gauntlet | Killed a minotaur
 12962 | D:11     | Noticed a boulder beetle
 12983 | D:11     | Killed a boulder beetle
 13427 | D:11     | Reached skill level 14 in Axes
 13733 | D:11     | Reached ***** piety under Hepliaklqana
 14018 | D:12     | Noticed a boulder beetle
 14028 | D:12     | Killed a boulder beetle
 14029 | D:12     | Reached XP level 12. HP: 66/93 MP: 0/11
 14797 | D:12     | Identified the +0 buckler of Jakhlips {rPois Will+ Str+7
                  | Dex-5}
 14807 | D:13     | Noticed an eight-headed hydra
 14807 | D:13     | Noticed a death knight
 15103 | D:13     | Noticed a death knight
 15112 | D:13     | Killed a death knight
 15357 | D:13     | Noticed a tengu warrior
 15368 | D:13     | Killed a tengu warrior
 15439 | D:13     | Reached skill level 15 in Axes
 15519 | D:13     | Killed an eight-headed hydra
 15668 | D:13     | Noticed a centaur warrior
 15671 | D:13     | Noticed a centaur warrior
 15685 | D:13     | Noticed a tengu warrior
 15692 | D:13     | Killed a tengu warrior
 15693 | D:13     | Reached skill level 10 in Fighting
 15942 | D:14     | Noticed a five-headed hydra
 15944 | D:14     | a five-headed hydra changed into a floating eye
 16386 | D:14     | Noticed a centaur warrior
 16395 | D:14     | Killed a centaur warrior
 16483 | D:14     | Noticed a six-headed hydra
 16489 | D:14     | Noticed an ettin
 16489 | D:14     | a seven-headed hydra changed into an ettin
 16490 | D:14     | Noticed a bunyip
 16490 | D:14     | an ettin changed into a bunyip
 16494 | D:14     | Killed a bunyip
 16871 | D:13     | Noticed a tengu warrior
 16878 | D:13     | Killed a tengu warrior
 16879 | D:13     | Reached XP level 13. HP: 93/101 MP: 0/12
 17048 | D:13     | Reached skill level 10 in Shields
 17410 | D:13     | Reached skill level 16 in Axes
 17773 | D:13     | Noticed Josephine
 17775 | D:13     | Killed Josephine
 17878 | D:13     | HP: 5/102 [deep elf archer/arrow (6)]
 17878 | D:13     | Shot with an arrow by a deep elf archer

Illustrated notes

Levels and vault maps discovered:
D:1:      grunt_arrival_lava_bath, layout_loops_ring,
          hellmonk_ecumenical_altar_lost_god, serial_shops,
          nicolae_shop_bloodbath_and_beyond, serial_bayou_ford_a
D:2:      layout_loops_corners, serial_shops, nicolae_shop_trees,
          minmay_misc_feat_room, minmay_tetromino_o2, uniq_robin
D:3:      layout_basic, minmay_distorted, uniq_jessica
D:4:      layout_rooms, nicolae_hepliaklqana_hazy_memory
D:5:      layout_cave_pods, mainiacjoe_overflow_alcove_4,
          minmay_temple_entry_waves
D:6:      layout_cave_pools, cheibriados_altar_1, uniq_edmund
D:7:      layout_cave_pools, nicolae_tso_carved_into_rock, xom_teletrap_fun,
          kennysheep_mini
D:8:      layout_rooms, mainiacjoe_overflow_six_doors_small,
          ashenzari_conservatory_becter, nicolae_overflow_crystal_walls,
          zin_academy, gammafunk_temple_overflow_elements,
          chequers_serial_rivers_room_a
D:9:      layout_loops_ring
D:10:     layout_layer_cave, mainiacjoe_overflow_small_starburst,
          david_lair_generic, lightli_minifort, uniq_urug
D:11:     layout_basic, uniq_nergalle
D:12:     layout_rooms, orc_0_dummy, gauntlet_entry_generic
D:13:     layout_basic, grunt_vaults_entry_fortified, minivault_15,
          uniq_josephine
D:14:     layout_irregular_city, nicolae_uskayaw_dance_hall,
          hangedman_decor_riveting, kennysheep_flooded_box, grunt_decor_cap,
          uniq_nessos

Skill      XL: |  1  2  3  4  5  6  7  8  9 10 11 12 13 |
---------------+----------------------------------------+-----
Axes           | 3 4 5 6 7 9 11 12 14 15 16 | 16.2
Armour         | 4 5 6 8 9 11 12 | 12.5
Fighting       | 4 5 6 7 8 9 10 | 10.5
Evocations     | 1 2 3 4 5 6 8 9 |  9.7
Shields        | 4 5 6 7 8 9 10 | 10.2

Action                   |  1- 3 |  4- 6 |  7- 9 | 10-12 | 13-15 || total
-------------------------+-------+-------+-------+-------+-------++-------
Melee: War axe           |    73 |   112 |   193 |   160 |       ||   538
       Headbutt          |    13 |    13 |    42 |    90 |    12 ||   170
       Broad axe         |       |       |       |   171 |    43 ||   214
Invok: Ancestor Life: Ba |       |       |     1 |       |       ||     1
Evoke: Wand              |       |       |     2 |    32 |     6 ||    40
       Condenser vane    |       |       |       |     2 |     1 ||     3
       Box of beasts     |       |       |       |     1 |       ||     1
       Phantom mirror    |       |       |       |       |     1 ||     1
  Use: Scroll            |       |     5 |     7 |    18 |       ||    30
       Potion            |       |       |     4 |     7 |     1 ||    12
 Stab: Distracted        |       |       |     1 |     4 |       ||     5
Armor: Scale mail        |    31 |    54 |    80 |     9 |       ||   174
       Plate armour      |       |       |       |   187 |    24 ||   211
Dodge: Dodged            |    44 |    71 |   137 |   147 |    12 ||   411
Block: Buckler           |    17 |    28 |    75 |   172 |    34 ||   326
